 Dungeon Crawl Stone Soup version 0.30-a0-368-g86fb4627a9 (webtiles) character file.

Game seed: 4231500498931793829

25603 Jackthecabe the Destroyer (level 13, -3/79 HPs)
             Began as a Tengu Air Elementalist on Nov 18, 2022.
             Was an Elder of Vehumet.
             Slain by a komodo dragon (29 damage)
             ... on level 2 of the Lair of Beasts.
             The game lasted 00:53:55 (19987 turns).

Jackthecabe the Destroyer (Tengu Air Elementalist) Turns: 19987, Time: 00:54:01

Health: -3/79      AC:  6    Str: 10    XL:     13   Next: 20%
Magic:  22/22      EV: 17    Int: 20    God:    Vehumet [****..]
Gold:   385        SH:  0    Dex: 14    Spells: 0/23 levels left

rFire   + . .      SeeInvis .    Z - +0 demon whip (venom)
rCold   + + .      Faith    .    (no shield)
rNeg    . . .      Spirit   .    W - +2 robe {rC+ rF+}
rPois   .          Reflect  .    (helmet restricted)
rElec   .          Harm     .    v - +0 cloak
rCorr   .          Rampage  .    B - +0 pair of gloves
Will    .....                    (boots unavailable)
Stlth   ++........               (no amulet)
HPRegen 0.33/turn                Y - +4 ring of slaying
MPRegen 0.18/turn                C - ring of protection from cold

@: flying quickly and evasively, studying Ice Magic, quick
A: beak, talons 3, nimble flight
a: Renounce Religion


You were on level 2 of the Lair of Beasts.
You worshipped Vehumet.
Vehumet was greatly pleased with you.
You visited 3 branches of the dungeon, and saw 15 of its levels.

You collected 800 gold pieces.
You spent 415 gold pieces at shops.


Innate Abilities, Weirdness & Mutations

You have a beak for a mouth.
You have claws for feet.
Your magical nature lets you fly swiftly and evasively.


   Skills:
 + Level 8.7 Fighting
 - Level 4.0 Armour
 - Level 6.0 Dodging
 - Level 2.0 Stealth
 - Level 5.5 Spellcasting
 - Level 14.0 Conjurations
 - Level 12.0 Summonings
 - Level 10.0 Ice Magic
 - Level 10.0 Air Magic
 - Level 4.0 Evocations


You couldn't memorise any spells.
You knew the following spells:

 Your Spells              Type           Power      Damage    Failure   Level
a - Airstrike             Air            22%        2d(4-20)  1%          4
d - Orb of Destruction    Conj           28%        9d9       9%          7
f - Freezing Cloud        Conj/Ice/Air   25%        6-21      1%          5
l - Summon Lightning Spi  Summ/Air       49%        N/A       1%          4
t - Static Discharge      Conj/Air       100%       2-7/arc   1%          2
z - Shock                 Conj/Air       100%       1d9       1%          1

Your spell library contained the following spells:

 Spells                   Type           Power      Damage    Failure   Level
 Iskenderun's Mystic Bla  Conj/Tloc      33%        2d8       1%          4
 Kiss of Death            Conj/Necr      100%       2d13      1%          1
 Summon Small Mammal      Summ           100%       N/A       1%          1
 Call Canine Familiar     Summ           52%        N/A       1%          3
 Ozocubu's Armour         Ice            45%        N/A       1%          3
 Swiftness                Air            45%        N/A       1%          3
 Summon Ice Beast         Ice/Summ       49%        N/A       1%          4
 Kindle Blastsparks       Fire/Tloc/Air  36%        2d13      2%          3
 Summon Guardian Golem    Hex/Summ       29%        N/A       2%          3
 Ignite Poison            Fire/Tmut/Pois 5%         N/A       9%          3
 Spellforged Servitor     Conj/Summ      27%        N/A       12%         7
 Summon Mana Viper        Hex/Summ       29%        N/A       26%         5
 Confusing Touch          Hex            5%         N/A       32%         3
 Gell's Gravitas          Tloc           5%         N/A       32%         3
 Teleport Other           Tloc           5%         N/A       32%         3
 Tukima's Dance           Hex            5%         N/A       32%         3
 Metabolic Englaciation   Hex/Ice        12%        N/A       36%         5
 Monstrous Menagerie      Summ           26%        N/A       56%         7
 Yara's Violent Unravell  Hex/Tmut       2%         3d3       58%         5
 Dispel Undead            Necr           5%         3d7       73%         4
 Passage of Golubria      Tloc           5%         N/A       73%         4
 Simulacrum               Ice/Necr       12%        N/A       91%         6
 Maxwell's Capacitive Co  Air            22%        ∞         94%         8
 Dispersal                Tloc           2%         N/A       100%        6
 Storm Form               Tmut/Air       12%        N/A       100%        7

Inventory:

Hand Weapons
 Z - a +0 demon whip of venom (weapon)
Missiles
 V - a throwing net {=f}
Armour
 t - a +0 troll leather armour {Pargi}
 v - a +0 cloak (worn)
 B - a +0 pair of gloves (worn)
 L - a +0 buckler
 W - a +2 robe of resistance (worn)
Magical Staves
 o - a staff of fire {!a}
 I - a staff of earth {!a}
 J - a staff of cold {!a}
Jewellery
 c - a ring of protection from cold
 q - an amulet of the acrobat
 s - an amulet of regeneration
 C - a ring of protection from cold (right hand)
 P - a ring of poison resistance
 Q - an amulet of guardian spirit
 U - the amulet of Hunygh {rF++ Regen+ SInv}
   (You took it off an orc on level 11 of the Dungeon)

   [amulet of regeneration]

   rF:        It greatly protects you from fire.
   SInv:      It lets you see invisible.
   Regen:     It increases your rate of health regeneration.
 Y - a +4 ring of slaying (left hand)
Wands
 x - a wand of flame (43)
 H - a wand of light (6)
 M - a wand of charming (3)
 S - a wand of mindburst (5)
 T - a wand of iceblast (6)
Scrolls
 d - 2 scrolls of identify {@r1}
 k - 6 scrolls of poison
 l - a scroll of silence {!r}
 p - 4 scrolls of immolation
 y - 6 scrolls of teleportation {@r2}
 E - a scroll of blinking
 G - 2 scrolls of fear
 K - 4 scrolls of vulnerability
 N - a scroll of enchant weapon
 O - a scroll of amnesia
 X - a scroll of butterflies
Potions
 a - 5 potions of attraction
 b - 3 potions of magic
 e - a potion of haste {unknown}
 f - 3 potions of mutation
 h - 5 potions of lignification
 i - 2 potions of might
 j - a potion of resistance
 m - 6 potions of curing {@q1}
 n - 2 potions of heal wounds {@q2}
 r - a potion of ambrosia {unknown}
 w - 2 potions of cancellation
 z - a potion of berserk rage {unknown}
 A - a potion of invisibility {unknown}
 D - 2 potions of flight {unknown}
 R - 2 potions of brilliance
Miscellaneous
 g - a lightning rod (4/4)

Dungeon Overview and Level Annotations

Branches:
Dungeon (12/15)            Temple (1/1) D:5            Lair (2/5) D:11
  Swamp (0/4) Lair:2
  Snake: Lair:2-3    Spider: Lair:2-3       Orc: D:9-12

Altars:
Ashenzari
Cheibriados
Dithmenos
Elyvilon
Fedhas
Gozag
Hepliaklqana
Kikubaaqudgha
Makhleb
Nemelex Xobeh
Okawaru
Ru
Sif Muna
Trog
Uskayaw
Vehumet
Wu Jian
Xom
Yredelemnul
Zin
The Shining One

Shops:
D:7 *   D:8 !   D:10 !

Annotations:
D:5 Grinder
D:9 1 runed translucent door, sirJeffrey23's ghost, novice FoFi
Temple 2 transporters

#...#P
##...♣♣♣§
#...#
##.P♣♣♣♣ ##
#### .##
#.###.♣
##.###.##...#
#..#.#♣
#.......#...#
#...†.#
#.........#
##..[.#
#P.......
#.#†.#
#.....#
###..#
#...@l# #.#.
###>### #...#
#.######
##..#
#......# #.#.
#..#.#.# #.#.
#..###.# #.#.
##..# #.#
#.#.
#...###.##
##..#
#..#.#P..#
###..P#


You could see a komodo dragon (extremely poisoned).


Message History

A nearby plant withers and dies.
Your lightning spire disappears in a puff of smoke!
Key pressed, stopping explore.
Found a stone staircase leading down.
A komodo dragon comes into view.
There is a stone staircase leading down here.
The komodo dragon bites you.
You whack the komodo dragon!
The komodo dragon looks as sick as possible!
Your kick misses the komodo dragon.
You punch the komodo dragon, but do no damage.
The komodo dragon is lightly wounded.
The komodo dragon bites you!!
You closely miss the komodo dragon. Your kick misses the komodo dragon.
The komodo dragon is moderately wounded.
The komodo dragon barely misses you.
You barely miss the komodo dragon. You claw the komodo dragon!
The komodo dragon is heavily wounded.
The komodo dragon misses you.
You hit the komodo dragon.
The komodo dragon looks as sick as possible!
The komodo dragon is heavily wounded.
The komodo dragon bites you.
You hit the komodo dragon.
The komodo dragon looks as sick as possible!
The komodo dragon is severely wounded.
The komodo dragon bites you!!
* * * LOW HITPOINT WARNING * * *
The komodo dragon bites you!!
You die...

Skill      XL: |  1  2  3  4  5  6  7  8  9 10 11 12 13 |
---------------+----------------------------------------+-----
Air Magic      | 5 6 7 8 9 10 | 10.0
Summonings     | 2 5 6 8 12 | 12.0
Fighting       | 4 6 8 |  8.7
Armour         | 4 |  4.0
Conjurations   | 5 8 10 13 14 | 14.0
Ice Magic      | 5 8 10 | 10.0
Spellcasting   | 4 5 |  5.5
Dodging        | 6 |  6.0
Evocations     | 4 |  4.0
Stealth        | |  2.0

Action                   |  1- 3 |  4- 6 |  7- 9 | 10-12 | 13-15 || total
-------------------------+-------+-------+-------+-------+-------++-------
Melee: Unarmed           |     1 |     8 |     7 |       |       ||    16
       Peck              |       |     2 |     6 |    20 |     1 ||    29
       Kick              |       |     1 |    22 |    31 |     7 ||    61
       Flail             |       |       |    57 |       |       ||    57
       Whip              |       |       |     7 |   100 |       ||   107
       Demon whip        |       |       |       |    12 |    18 ||    30
       Punch             |       |       |       |     1 |     1 ||     2
 Cast: Shock             |    48 |   167 |   153 |    74 |    31 ||   473
       Static Discharge  |     3 |    10 |     2 |     8 |       ||    23
       Airstrike         |       |     5 |    29 |    61 |     1 ||    96
       Summon Lightning  |       |       |    12 |    30 |     5 ||    47
       Freezing Cloud    |       |       |       |    31 |     5 ||    36
Evoke: Wand              |       |       |     1 |       |       ||     1
  Use: Scroll            |       |       |       |    11 |       ||    11
       Potion            |       |       |       |     4 |       ||     4
 Stab: Sleeping          |       |       |     1 |       |       ||     1
Armor: Robe              |     4 |     8 |     2 |     5 |     3 ||    22
       Troll leather arm |       |       |    39 |    43 |       ||    82
Dodge: Dodged            |    11 |    38 |   102 |   102 |    15 ||   268

Levels and vault maps discovered:
D:1:      giann_wishing_wells, layout_rooms, serial_glass, glass_columns_b,
          glass_columns_c
D:2:      layout_rooms, hellmonk_ecumenical_altar_prayer_group, uniq_natasha
D:3:      layout_rooms, glass_columns_c, uniq_robin
D:4:      layout_rooms, nicolae_elyvilon_peaceful_grove, serial_demonic,
          serial_demonic_e, serial_demonic_a, serial_demonic_b,
          serial_demonic_b, uniq_pargi, uniq_edmund
D:5:      layout_loops_ring, minmay_temple_entry_tees, uniq_grinder
D:6:      layout_basic, mainiacjoe_overflow_concentric_impassable,
          kennysheep_generic_room_2
D:7:      layout_loops_ring, led_sif_book, serial_shops, kennysheep_mini_moat,
          uniq_pikel, uniq_maggie
D:8:      layout_basic, ashenzari_conservatory_becter, serial_shops,
          kennysheep_mini
D:9:      wad_statue_garden, layout_basic, kennysheep_vampire_church,
          nicolae_overflow_two_pavilions, hellmonk_ghost_happy_afterlife,
          grunt_ministairs_5
D:10:     layout_layer_cave, serial_shops, nicolae_take_the_stairs
D:11:     layout_loops_ring, erik_lair_orcish_takeover, uniq_harold
D:12:     layout_roguey, david_orc_1_choice, uniq_josephine
Temple:   hellmonk_temple_divided_pantheon
Lair:1:   layout_layer_cave, beast_lair_carwin_7, lemuel_fruit_tree,
          uniq_amaemon
Lair:2:   layout_loops_ring, minmay_swamp_entry_swarm, basic_altar,
          grunt_megastairs_3

Notes
Turn   | Place    | Note
-------+----------+-------------------------------------------
     0 | D:1      | Jackthecabe the Tengu Air Elementalist began the quest for
                  | the Orb.
     0 | D:1      | Reached XP level 1. HP: 10/10 MP: 4/4
   293 | D:1      | Reached XP level 2. HP: 15/15 MP: 3/6
   446 | D:1      | Reached skill level 5 in Air Magic
   465 | D:1      | Learned a level 2 spell: Static Discharge
   883 | D:2      | Reached XP level 3. HP: 19/19 MP: 4/7
   929 | D:2      | Noticed Natasha
  1117 | D:2      | Killed Natasha
  1118 | D:2      | Reached skill level 6 in Air Magic
  1118 | D:2      | Reached XP level 4. HP: 13/24 MP: 2/8
  1377 | D:2      | Noticed Natasha
  1384 | D:2      | Killed Natasha
  1391 | D:2      | Reached skill level 7 in Air Magic
  1393 | D:2      | Noticed Natasha
  1692 | D:2      | Killed Natasha
  1693 | D:2      | Gained mutation: Your magical nature lets you fly swiftly
                  | and evasively. [Tengu growth]
  1693 | D:2      | Reached XP level 5. HP: 28/28 MP: 3/9
  1959 | D:2      | Found a faded altar of an unknown god.
  2086 | D:3      | Reached skill level 8 in Air Magic
  2091 | D:3      | Learned a level 4 spell: Airstrike
  2364 | D:3      | Reached skill level 1 in Summonings
  2661 | D:3      | Reached skill level 2 in Summonings
  2965 | D:3      | Noticed Robin
  3009 | D:3      | Reached XP level 6. HP: 32/32 MP: 2/10
  3254 | D:3      | Killed Robin
  3367 | D:4      | Reached skill level 3 in Summonings
  3420 | D:4      | Found a white marble altar of Elyvilon.
  3510 | D:4      | Noticed Edmund
  4288 | D:4      | Reached skill level 4 in Summonings
  4550 | D:4      | Reached skill level 5 in Summonings
  4550 | D:4      | Reached XP level 7. HP: 34/36 MP: 1/11
  4646 | D:4      | Noticed Pargi
  5509 | D:4      | Reached skill level 6 in Summonings
  5608 | D:4      | Learned a level 4 spell: Summon Lightning Spire
  5633 | D:4      | Killed Pargi
  5634 | D:4      | Reached skill level 9 in Air Magic
  5774 | D:4      | Killed Edmund
  5916 | D:5      | Entered Level 5 of the Dungeon
  5919 | D:5      | Reached XP level 8. HP: 33/41 MP: 7/12
  6108 | D:5      | Reached skill level 10 in Air Magic
  6226 | D:5      | Noticed Grinder
  6379 | D:5      | Reached skill level 7 in Summonings
  6503 | D:5      | Found a staircase to the Ecumenical Temple.
  6531 | Temple   | Entered the Ecumenical Temple
  6531 | Temple   | Found a transporter.
  6531 | Temple   | Found a transporter.
  6533 | Temple   | Found a transporter.
  6533 | Temple   | Found a transporter.
  6556 | Temple   | Became a worshipper of Vehumet
  7129 | D:6      | Reached skill level 8 in Summonings
  7179 | D:6      | Found an ornate altar of the Wu Jian Council.
  7237 | D:6      | Reached skill level 1 in Fighting
  7407 | D:6      | Reached skill level 2 in Fighting
  7410 | D:6      | Reached skill level 3 in Fighting
  8009 | D:7      | Noticed Pikel
  8130 | D:7      | Reached skill level 4 in Fighting
  8205 | D:7      | Reached XP level 9. HP: 50/53 MP: 4/13
  8235 | D:7      | Reached skill level 5 in Fighting
  8478 | D:7      | Noticed Maggie
  8615 | D:7      | Reached skill level 6 in Fighting
  8667 | D:7      | Reached skill level 1 in Armour
  8868 | D:7      | Reached skill level 2 in Armour
  8989 | D:7      | Reached skill level 3 in Armour
  8998 | D:7      | Reached * piety under Vehumet
  8998 | D:7      | Offered knowledge of Kiss of Death by Vehumet.
  9123 | D:7      | Killed Maggie
  9124 | D:7      | Reached skill level 4 in Armour
  9124 | D:7      | Reached skill level 2 in Conjurations
  9124 | D:7      | Reached skill level 2 in Ice Magic
  9253 | D:7      | Found Alitelum's General Store.
  9256 | D:7      | Bought a scroll of blinking for 97 gold pieces
  9308 | D:7      | Found a shimmering blue altar of Sif Muna.
  9349 | D:7      | Reached skill level 3 in Conjurations
  9627 | D:7      | Killed Pikel
  9628 | D:7      | Reached skill level 4 in Conjurations
  9628 | D:7      | Reached skill level 4 in Ice Magic
  9748 | D:7      | Reached skill level 5 in Conjurations
  9840 | D:8      | Reached skill level 5 in Ice Magic
 10020 | D:8      | Reached XP level 10. HP: 60/60 MP: 12/14
 10444 | D:8      | Reached skill level 6 in Conjurations
 10447 | D:8      | Reached skill level 6 in Ice Magic
 10791 | D:8      | Found a broken altar of Ashenzari.
 10936 | D:8      | Found Jefiovuck's Distillery.
 10939 | D:8      | Bought a potion of mutation for 120 gold pieces
 10939 | D:8      | Bought a potion of cancellation for 120 gold pieces
 10988 | D:8      | Identified 2 potions of resistance
 11192 | D:9      | Offered knowledge of Poisonous Vapours by Vehumet.
 11205 | D:9      | Reached ** piety under Vehumet
 11220 | D:9      | Reached skill level 7 in Conjurations
 11283 | D:9      | Found a sacrificial altar of Ru.
 11284 | D:9      | Found a burning altar of Makhleb.
 11368 | D:9      | Identified the +1 leather armour of the Shore {rN+}
 11410 | D:9      | Noticed a cyclops
 11564 | D:9      | Identified a +1 robe of the Archmagi
 11612 | D:9      | Reached skill level 7 in Ice Magic
 11709 | D:9      | Found a runed translucent door.
 11712 | D:9      | Noticed sirJeffrey23's ghost (novice FoFi)
 12163 | D:9      | Reached skill level 8 in Conjurations
 12361 | D:9      | Reached skill level 8 in Ice Magic
 12446 | D:9      | Killed a cyclops
 12447 | D:9      | Reached skill level 3 in Spellcasting
 12528 | D:9      | Found an ancient bone altar of Kikubaaqudgha.
 12540 | D:9      | Offered knowledge of Hailstorm by Vehumet.
 12643 | D:9      | Reached skill level 4 in Spellcasting
 12648 | D:9      | Reached skill level 3 in Dodging
 13026 | D:9      | Noticed a two-headed ogre
 13026 | D:9      | Noticed a centaur warrior
 13278 | D:9      | Reached skill level 4 in Dodging
 13294 | D:9      | Killed a two-headed ogre
 13295 | D:9      | Reached skill level 5 in Dodging
 13383 | D:9      | Learned a level 5 spell: Freezing Cloud
 13434 | D:9      | Reached skill level 6 in Dodging
 13687 | D:9      | Killed a centaur warrior
 13688 | D:9      | Reached XP level 11. HP: 53/64 MP: 13/18
 13841 | D:10     | Entered Level 10 of the Dungeon
 13842 | D:10     | Found Guklakhlo's Distillery.
 14103 | D:10     | Reached *** piety under Vehumet
 14104 | D:10     | Reached skill level 9 in Conjurations
 14104 | D:10     | Reached skill level 9 in Ice Magic
 15147 | D:11     | Noticed Harold
 15209 | D:11     | Identified the amulet of Hunygh {rF++ Regen+ SInv}
 15332 | D:11     | Offered knowledge of Frozen Ramparts by Vehumet.
 15336 | D:11     | Reached skill level 10 in Conjurations
 15336 | D:11     | Reached skill level 10 in Ice Magic
 15341 | D:11     | Noticed a cyan ugly thing
 15351 | D:11     | Killed a cyan ugly thing
 15537 | D:10     | Bought a potion of lignification for 39 gold pieces
 15537 | D:10     | Bought a potion of attraction for 39 gold pieces
 15564 | D:11     | Reached skill level 7 in Fighting
 15692 | D:11     | Identified a +2 robe of resistance
 16144 | D:11     | Reached skill level 8 in Fighting
 16152 | D:11     | Reached skill level 1 in Evocations
 16171 | D:11     | Reached **** piety under Vehumet
 16172 | D:11     | Reached skill level 2 in Evocations
 16175 | D:11     | Killed Harold
 16176 | D:11     | Reached skill level 3 in Evocations
 16366 | D:11     | Found a staircase to the Lair.
 16367 | D:11     | You are sucked into a shaft and drop 1 floor!
 16694 | Lair:1   | Entered Level 1 of the Lair of Beasts
 16727 | Lair:1   | Reached skill level 4 in Evocations
 16785 | Lair:1   | Noticed a death yak
 16785 | Lair:1   | Noticed a death yak
 16786 | Lair:1   | Noticed a death yak
 16787 | Lair:1   | Noticed a death yak
 16790 | Lair:1   | Noticed a death yak
 16797 | Lair:1   | Killed a death yak
 16798 | Lair:1   | Reached XP level 12. HP: 39/73 MP: 7/19
 16798 | Lair:1   | Killed a death yak
 16800 | Lair:1   | Killed a death yak
 16800 | Lair:1   | Killed a death yak
 16801 | Lair:1   | Reached skill level 11 in Conjurations
 16801 | Lair:1   | Reached skill level 9 in Summonings
 16802 | Lair:1   | Killed a death yak
 16802 | Lair:1   | Offered knowledge of Iskenderun's Mystic Blast by Vehumet.
 17215 | Lair:1   | Reached skill level 10 in Summonings
 17312 | Lair:1   | Reached skill level 12 in Conjurations
 17585 | Lair:1   | Noticed Amaemon
 17600 | Lair:1   | Killed Amaemon
 17658 | Lair:1   | Reached skill level 11 in Summonings
 18006 | Lair:1   | Reached skill level 12 in Summonings
 18757 | Lair:2   | Noticed a death yak
 18757 | Lair:2   | Noticed a death yak
 18757 | Lair:2   | Noticed a death yak
 19213 | Lair:2   | Killed a death yak
 19214 | Lair:2   | Reached skill level 5 in Spellcasting
 19217 | Lair:2   | Killed a death yak
 19221 | Lair:2   | Killed a death yak
 19222 | Lair:2   | Reached skill level 13 in Conjurations
 19222 | Lair:2   | Reached XP level 13. HP: 20/78 MP: 11/22
 19423 | Lair:2   | Learned a level 7 spell: Orb of Destruction
 19603 | Lair:2   | Reached skill level 14 in Conjurations
 19698 | Lair:2   | Found a staircase to the Swamp.
 19987 | Lair:2   | Slain by a komodo dragon

Vanquished Creatures
  Harold (D:11)
  A two-headed ogre (D:9)
  7 death yaks
  An ugly thing (D:11)
  2 elephants (Lair:2)
  A black mamba (Lair:1)
  An orange demon (Lair:1)
  A cane toad (Lair:1)
  An unseen horror (D:11)
  An efreet (D:9)
  Maggie (D:7)
  A wraith (D:10)
  A wyvern (D:8)
  A basilisk (D:11)
  32 yaks
  A vampire mosquito (Lair:2)
  A steam dragon (D:9)
  2 acid dragons
  3 wargs (D:11)
  6 water moccasins
  An ice beast (D:8)
  2 orc warriors
  An ogre (D:7)
  3 wolves (Lair:1)
  6 centaurs (D:11)
  3 lemures (D:7)
  3 phantoms
  3 kobold brigands
  5 bullfrogs
  A scorpion (D:6)
  12 killer bees
  2 vampire bats (D:9)
  7 howler monkeys
  2 electric eels (D:9)
  A lava snake (D:9)
  2 jellies
  2 quasits (D:4)
  2 gnoll boudas
  3 orc priests
  Natasha (thrice) (D:2)
  2 iguanas
  15 orc wizards
  Robin (D:3)
  21 gnolls
  6 adders
  3 shadow imps
  3 white imps (D:4)
  5 ufetubi
  4 worms (D:3)
  2 dart slugs
  40 orcs
  A bat skeleton (D:9)
  4 bat zombies (D:9)
  4 endoplasms
  2 giant cockroaches
  19 goblins
  5 hobgoblins
  8 jackals
  13 kobolds
  2 quokkas
  12 ball pythons
  5 bats
  5 frilled lizards
  5 rats
317 creatures vanquished.

Vanquished Creatures (collateral kills)
  A centaur warrior (D:9)
  A death yak (Lair:2)
  Amaemon (Lair:1)
  Pikel (D:7)
  2 elephants (Lair:2)
  A cyclops (D:9)
  A cane toad (Lair:1)
  A komodo dragon (Lair:2)
  A slime creature (D:9)
  9 yaks
  A wraith (D:9)
  A steam dragon (D:9)
  A basilisk (Lair:2)
  Edmund (D:4)
  2 vampire mosquitoes (Lair:2)
  3 water moccasins
  Pargi (D:4)
  An orc warrior (D:9)
  A black bear (D:6)
  An ogre (D:5)
  A centaur (D:6)
  A lemure (D:7)
  2 kobold brigands
  2 gnoll sergeants
  A killer bee (D:9)
  An orc priest (D:9)
  A gnoll bouda (D:8)
  An iguana (D:5)
  An orc wizard (D:11)
  4 gnolls (D:8)
  5 orcs
  5 kobolds (D:10)
57 creatures vanquished.

Vanquished Creatures (others)
  A butterfly (D:4)
  7 demonic plants (D:4)
  6 fungi (Lair:2)
  7 plants
21 creatures vanquished.

Grand Total: 395 creatures vanquished

Table legend: (Time is in decaauts)
 A = Elapsed time spent in this place.
 B = Non-inter-level travel time spent in this place.
 C = Inter-level travel time spent in this place.
 D = Time resting spent in this place.
 E = Time spent auto-exploring this place.
 F = Levels seen in this place.
 G = Mean time per level.
                   A        B        C        D        E       F      G
               +--------+--------+--------+--------+--------+-----+--------+
         Total |  19104 |  18352 |    752 |   3260 |  11969 |  15 | 1273.6 |
       Dungeon |  15896 |  15274 |    622 |   2467 |  10096 |  12 | 1324.7 |
        Temple |     40 |     40 |      0 |      0 |      4 |   1 |   40.0 |
          Lair |   3167 |   3037 |    130 |    792 |   1868 |   2 | 1583.5 |
               +--------+--------+--------+--------+--------+-----+--------+

Top non-repeatable levels by time:
     D:4: 2441 daAuts
     D:9: 2266 daAuts
  Lair:1: 2126 daAuts
     D:7: 1562 daAuts
     D:8: 1530 daAuts
    D:10: 1449 daAuts
     D:3: 1239 daAuts
    D:11: 1187 daAuts
     D:6: 1120 daAuts
     D:1: 1081 daAuts
  Lair:2: 1041 daAuts
     D:2: 1019 daAuts
     D:5: 960 daAuts
  Temple: 40 daAuts
    D:12: 37 daAuts

Table legend:
 A = Non-vault XP
 B = Vault XP
 C = Vault XP percentage of total XP
 D = Non-vault monster count
 E = Vault monster count
 F = Vault count percentage of total count
                 A         B        C        D         E       F
            +---------+---------+-------+---------+---------+-------
      Total |   23924 |   12652 |  34.6 |     283 |      87 |  23.5
            +---------+---------+-------+---------+---------+-------
        D:1 |      32 |       0 |   0.0 |      20 |       0 |   0.0
        D:2 |     162 |      42 |  20.6 |      22 |       4 |  15.4
        D:3 |      77 |      34 |  30.6 |      27 |      11 |  28.9
        D:4 |     369 |     476 |  56.3 |      19 |      12 |  38.7
        D:5 |     419 |       0 |   0.0 |      14 |       0 |   0.0
        D:6 |     728 |      13 |   1.8 |      19 |       1 |   5.0
        D:7 |     866 |    1087 |  55.7 |      23 |       4 |  14.8
        D:8 |     920 |       0 |   0.0 |      23 |       0 |   0.0
        D:9 |     599 |    4158 |  87.4 |      16 |      31 |  66.0
       D:10 |    1624 |       0 |   0.0 |      18 |       0 |   0.0
       D:11 |    3779 |    1531 |  28.8 |      32 |      10 |  23.8
     Lair:1 |    9660 |    2360 |  19.6 |      32 |       8 |  20.0
     Lair:2 |    4689 |    2951 |  38.6 |      18 |       6 |  25.0
            +---------+---------+-------+---------+---------+-------
